| TOP OF THE 1ST |
|
Biloxi Shuckers batting - Pitching for Mobile BayBears : RHP Ming-feng Pi
|
|
Pitching: RHP Ming-feng Pi
|
|
|
Batting: RHB Nick Cummings
|
0-0: Ball 1-0: Ball 2-0: Ball 3-0: Called Strike 3-1: Called Strike 3-2: Base on Balls
|
|
Batting: LHB Gabe Harvey
|
0-0: SINGLE (Line Drive, 78S, EV 110.6 MPH) Nick Cummings to second Runner from 2nd tries for 3rd, SAFE, throw by CF made to third
|
|
Batting: RHB Josh Nelson
|
0-0: Fielders Choice at 2nd, 5-4 (Groundball, 5S, EV 85.6 MPH) Nick Cummings scores
|
|
Batting: SHB Mitchell Greene
|
0-0: Called Strike 0-1: Ball 1-1: DOUBLE (Flyball, 8RXD, EV 93.1 MPH) Josh Nelson to third
|
|
Batting: RHB Steve Byerly
|
0-0: Ball 1-0: SINGLE (Groundball, 56, EV 102.5 MPH) Josh Nelson scores Mitchell Greene to third Runner from 3rd tries for Home, SAFE, throw by LF to home
|
|
Batting: RHB Skyler Goss
|
0-0: Swinging Strike 0-1: Called Strike 0-2: Ball 1-2: Ball Wild Pitch! Steve Byerly to second 2-2: Foul Ball, location: 2F 2-2: Ground out 6-3 (Groundball, 6, EV 100.6 MPH)
|
|
Batting: RHB Jonathan Sarles
|
0-0: Fly out, F4 (Flyball, 34D, EV 85.0 MPH)
|
| Top of the 1st over - 3 runs, 3 hits, 0 errors, 1 left on base; Biloxi 3 - Mobile 0 |
| BOTTOM OF THE 1ST |
|
Mobile BayBears batting - Pitching for Biloxi Shuckers : LHP Taek-hyun Kim
|
|
Pitching: LHP Taek-hyun Kim
|
|
|
Batting: RHB Edgar Garcia
|
0-0: Called Strike 0-1: Fly out, F9 (Flyball, 9, EV 96.2 MPH)
|
|
Batting: RHB Marlon Reda
|
0-0: Ball 1-0: Called Strike 1-1: SINGLE (Groundball, 56D, EV 100.0 MPH)
|
|
Batting: RHB Chris Bittner
|
0-0: Ball 1-0: Called Strike 1-1: Foul Ball, location: 2F 1-2: Foul Ball, location: 2F 1-2: Foul Ball, location: 2F 1-2: Grounds into double play, 6-4-3 (Groundball, 6, EV 103.1 MPH)
|
| Bottom of the 1st over - 0 runs, 1 hit, 0 errors, 0 left on base; Biloxi 3 - Mobile 0 |
| TOP OF THE 2ND |
|
Biloxi Shuckers batting - Pitching for Mobile BayBears : RHP Ming-feng Pi
|
|
Batting: RHB Dustin Hartman
|
0-0: Called Strike 0-1: Called Strike 0-2: Ball 1-2: Ball 2-2: DOUBLE (Groundball, 5L, EV 106.2 MPH)
|
|
Batting: RHB Cameron Rattenbury
|
0-0: Foul Ball, location: 2F 0-1: Ball 1-1: Ground out 4-3 (Groundball, 4, EV 105.0 MPH) Dustin Hartman to third
|
|
Batting: RHB Nick Cummings
|
0-0: Fly out, F6 (Line Drive, 6, EV 68.1 MPH)
|
|
Batting: LHB Gabe Harvey
|
0-0: Called Strike 0-1: Fly out, F9 (Line Drive, 9, EV 100.0 MPH)
|
| Top of the 2nd over - 0 runs, 1 hit, 0 errors, 1 left on base; Biloxi 3 - Mobile 0 |
| BOTTOM OF THE 2ND |
|
Mobile BayBears batting - Pitching for Biloxi Shuckers : LHP Taek-hyun Kim
|
|
Batting: LHB Willie Gutierrez
|
0-0: Called Strike 0-1: Ball 1-1: Swinging Strike 1-2: Foul Ball, location: 2F 1-2: Ball 2-2: Ball 3-2: Strikes out swinging
|
|
Batting: RHB Franklin Villanueva
|
0-0: Ball 1-0: Fly out, F8 (Flyball, 8LM, EV 83.8 MPH)
|
|
Batting: RHB Dustin Legault
|
0-0: Called Strike 0-1: Ball 1-1: Ball 2-1: Ground out 5-3 (Groundball, 56, EV 86.9 MPH)
|
| Bottom of the 2nd over - 0 runs, 0 hits, 0 errors, 0 left on base; Biloxi 3 - Mobile 0 |
| TOP OF THE 3RD |
|
Biloxi Shuckers batting - Pitching for Mobile BayBears : RHP Ming-feng Pi
|
|
Batting: RHB Josh Nelson
|
0-0: Ball 1-0: Fly out, F2 (Popup, 2LF, EV 94.4 MPH)
|
|
Batting: SHB Mitchell Greene
|
0-0: Called Strike 0-1: SINGLE (Groundball, 25, EV 71.9 MPH) (infield hit)
|
|
Batting: RHB Steve Byerly
|
0-0: Ball 1-0: Ball 2-0: Called Strike 2-1: Swinging Strike 2-2: Foul Ball, location: 2F 2-2: Grounds into double play, 6-4-3 (Groundball, 6, EV 93.8 MPH)
|
| Top of the 3rd over - 0 runs, 1 hit, 0 errors, 0 left on base; Biloxi 3 - Mobile 0 |
| BOTTOM OF THE 3RD |
|
Mobile BayBears batting - Pitching for Biloxi Shuckers : LHP Taek-hyun Kim
|
|
Batting: RHB Curt Barrett
|
0-0: Ball 1-0: Swinging Strike 1-1: Swinging Strike 1-2: DOUBLE (Flyball, 9LD, EV 98.1 MPH)
|
|
Batting: RHB Yasuo Nakata
|
0-0: Ball 1-0: Called Strike 1-1: Fly out, F6 (Line Drive, 6, EV 73.8 MPH) Lined into DP, 6-4 (Line Drive, 6, EV 69.4 MPH)
|
|
Batting: LHB T.J. Duvall
|
0-0: Ball 1-0: Called Strike 1-1: Fly out, F5 (Popup, 5DF, EV 69.4 MPH)
|
| Bottom of the 3rd over - 0 runs, 1 hit, 0 errors, 0 left on base; Biloxi 3 - Mobile 0 |
| TOP OF THE 4TH |
|
Biloxi Shuckers batting - Pitching for Mobile BayBears : RHP Ming-feng Pi
|
|
Batting: RHB Skyler Goss
|
0-0: Swinging Strike 0-1: Called Strike 0-2: Ball 1-2: Ball 2-2: Ball 3-2: Base on Balls
|
|
Batting: RHB Jonathan Sarles
|
0-0: Ball 1-0: Called Strike 1-1: Grounds into double play, 6-4-3 (Groundball, 6, EV 101.9 MPH)
|
|
Batting: RHB Dustin Hartman
|
0-0: Called Strike 0-1: DOUBLE (Groundball, 5L, EV 106.9 MPH)
|
|
Batting: RHB Cameron Rattenbury
|
0-0: Ball 1-0: Ground out 6-3 (Groundball, 6, EV 89.4 MPH)
|
| Top of the 4th over - 0 runs, 1 hit, 0 errors, 1 left on base; Biloxi 3 - Mobile 0 |
| BOTTOM OF THE 4TH |
|
Mobile BayBears batting - Pitching for Biloxi Shuckers : LHP Taek-hyun Kim
|
|
Batting: RHB Edgar Garcia
|
0-0: Ball 1-0: SINGLE (Groundball, 3S, EV 68.1 MPH) (infield hit)
|
|
Batting: RHB Marlon Reda
|
0-0: Called Strike 0-1: Grounds into double play, 4-6-3 (Groundball, 4, EV 83.1 MPH)
|
|
Batting: RHB Chris Bittner
|
0-0: Foul Ball, location: 2F 0-1: Ball 1-1: SINGLE (Line Drive, 4MD, EV 104.4 MPH)
|
|
Batting: LHB Willie Gutierrez
|
0-0: Called Strike 0-1: Ball 1-1: SINGLE (Groundball, 34D, EV 98.8 MPH) Chris Bittner to second Runner from 2nd tries for 3rd, OUT! 9-5
|
| Bottom of the 4th over - 0 runs, 3 hits, 0 errors, 1 left on base; Biloxi 3 - Mobile 0 |
| TOP OF THE 5TH |
|
Biloxi Shuckers batting - Pitching for Mobile BayBears : RHP Ming-feng Pi
|
|
Batting: RHB Nick Cummings
|
0-0: Ball 1-0: Swinging Strike 1-1: Foul Ball, location: 2F 1-2: Ball 2-2: Ball 3-2: Foul Ball, location: 2F 3-2: Ground out 6-3 (Groundball, 6, EV 82.5 MPH)
|
|
Batting: LHB Gabe Harvey
|
0-0: Ball 1-0: Swinging Strike 1-1: Ball 2-1: Foul Ball, location: 2F 2-2: Ball 3-2: Base on Balls
|
|
Batting: RHB Josh Nelson
|
0-0: Ball 1-0: Hit by Pitch Gabe Harvey to second
|
|
Batting: SHB Mitchell Greene
|
0-0: SINGLE (Groundball, 4D, EV 100.0 MPH) Gabe Harvey to third Josh Nelson to second
|
|
Batting: RHB Steve Byerly
|
0-0: Foul Ball, location: 2F 0-1: Foul Ball, location: 2F 0-2: Ball 1-2: SINGLE (Line Drive, 4, EV 95.6 MPH) Gabe Harvey scores Josh Nelson to third Mitchell Greene to second Runner from 3rd tries for Home, SAFE, throw by RF to home
|
|
Pitching: LHP Eric Dennis
|
|
|
Batting: RHB Skyler Goss
|
0-0: Ball 1-0: Fly out, F7 (Flyball, 78M, EV 87.5 MPH)
|
|
Batting: RHB Jonathan Sarles
|
0-0: Foul Ball, location: 2F 0-1: Ball 1-1: Fly out, F9 (Line Drive, 89S, EV 93.1 MPH)
|
| Top of the 5th over - 2 runs, 2 hits, 0 errors, 2 left on base; Biloxi 5 - Mobile 0 |
| BOTTOM OF THE 5TH |
|
Mobile BayBears batting - Pitching for Biloxi Shuckers : LHP Taek-hyun Kim
|
|
Batting: RHB Franklin Villanueva
|
0-0: Called Strike 0-1: Foul Ball, location: 2F 0-2: Ball 1-2: Ball 2-2: Foul Ball, location: 2F 2-2: Foul Ball, location: 2F 2-2: Ball 3-2: Ground out 5-3 (Groundball, 56, EV 98.8 MPH)
|
|
Batting: RHB Dustin Legault
|
0-0: Called Strike 0-1: Swinging Strike 0-2: Ball 1-2: Ground out 6-3 (Groundball, 6, EV 78.8 MPH)
|
|
Batting: RHB Curt Barrett
|
0-0: Ball 1-0: Foul Ball, location: 2F 1-1: Ball 2-1: Foul Ball, location: 2F 2-2: Ball 3-2: SINGLE (Groundball, P, EV 83.1 MPH) (infield hit)
|
|
Batting: RHB Yasuo Nakata
|
0-0: Fielders Choice at 2nd, 5-4 (Groundball, 56, EV 81.9 MPH)
|
| Bottom of the 5th over - 0 runs, 1 hit, 0 errors, 1 left on base; Biloxi 5 - Mobile 0 |
| TOP OF THE 6TH |
|
Biloxi Shuckers batting - Pitching for Mobile BayBears : LHP Eric Dennis
|
|
Batting: RHB Dustin Hartman
|
0-0: Ball 1-0: Ground out 5-3 (Groundball, 5S, EV 83.1 MPH)
|
|
Batting: RHB Cameron Rattenbury
|
0-0: SINGLE (Line Drive, 7S, EV 107.5 MPH)
|
|
Batting: RHB Nick Cummings
|
0-0: Swinging Strike 0-1: Ball 1-1: Ball 2-1: Ball 3-1: Called Strike 3-2: DOUBLE (Flyball, 89D, EV 109.4 MPH) Cameron Rattenbury to third
|
|
Batting: LHB Gabe Harvey
|
0-0: Foul Ball, location: 2F 0-1: Ball 1-1: Ground out 6-3 (Groundball, 56, EV 99.4 MPH) Cameron Rattenbury scores
|
|
Batting: RHB Josh Nelson
|
0-0: Foul Ball, location: 2F 0-1: Ground out 5-3 (Groundball, 56S, EV 72.5 MPH)
|
| Top of the 6th over - 1 run, 2 hits, 0 errors, 1 left on base; Biloxi 6 - Mobile 0 |
| BOTTOM OF THE 6TH |
|
Mobile BayBears batting - Pitching for Biloxi Shuckers : LHP Taek-hyun Kim
|
|
Batting: LHB T.J. Duvall
|
0-0: Called Strike 0-1: Foul Ball, location: 2F 0-2: Ball 1-2: Ball 2-2: Foul Ball, location: 2F 2-2: Strikes out swinging
|
|
Batting: RHB Edgar Garcia
|
0-0: Ball 1-0: Called Strike 1-1: Ground out 4-3 (Groundball, 4, EV 86.2 MPH)
|
|
Batting: RHB Marlon Reda
|
0-0: Called Strike 0-1: Ball 1-1: Ball 2-1: Swinging Strike 2-2: Fly out, F6 (Popup, P, EV 89.4 MPH)
|
| Bottom of the 6th over - 0 runs, 0 hits, 0 errors, 0 left on base; Biloxi 6 - Mobile 0 |
| TOP OF THE 7TH |
|
Biloxi Shuckers batting - Pitching for Mobile BayBears : LHP Eric Dennis
|
|
Batting: SHB Mitchell Greene
|
0-0: Called Strike 0-1: Swinging Strike 0-2: Strikes out swinging
|
|
Batting: RHB Steve Byerly
|
0-0: Called Strike 0-1: Ball 1-1: Foul Ball, location: 2F 1-2: Ball 2-2: Ball 3-2: Ground out U3 (Groundball, 34S, EV 83.8 MPH)
|
|
Batting: RHB Skyler Goss
|
0-0: SINGLE (Line Drive, 8RS, EV 101.9 MPH)
|
|
Batting: RHB Jonathan Sarles
|
0-0: Ball 1-0: Fly out, F3 (Line Drive, 34, EV 68.8 MPH)
|
| Top of the 7th over - 0 runs, 1 hit, 0 errors, 1 left on base; Biloxi 6 - Mobile 0 |
| BOTTOM OF THE 7TH |
|
Mobile BayBears batting - Pitching for Biloxi Shuckers : LHP Taek-hyun Kim
|
|
Batting: RHB Chris Bittner
|
0-0: Called Strike 0-1: SINGLE (Groundball, 6D, EV 101.2 MPH)
|
|
Batting: LHB Willie Gutierrez
|
0-0: Ball 1-0: Ball 2-0: Foul Ball, location: 2F 2-1: Fly out, F7 (Flyball, 78S, EV 90.0 MPH)
|
|
Batting: RHB Franklin Villanueva
|
0-0: Called Strike 0-1: Called Strike 0-2: Fly out, F5 (Popup, 5, EV 65.0 MPH)
|
|
Pitching: RHP Eddie Becerra
|
|
|
Batting: RHB Dustin Legault
|
0-0: Fielders Choice at 2nd, 6-4 (Groundball, 6, EV 86.2 MPH)
|
| Bottom of the 7th over - 0 runs, 1 hit, 0 errors, 1 left on base; Biloxi 6 - Mobile 0 |
| TOP OF THE 8TH |
|
Biloxi Shuckers batting - Pitching for Mobile BayBears : LHP Eric Dennis
|
|
Pitching: RHP Mike Stover
|
|
|
Batting: RHB Dustin Hartman
|
0-0: Ball 1-0: Ball 2-0: Ground out 6-3 (Groundball, 6, EV 108.1 MPH)
|
|
Batting: RHB Cameron Rattenbury
|
0-0: Called Strike 0-1: Swinging Strike 0-2: Ball 1-2: Ball 2-2: Ball 3-2: Base on Balls
|
|
Batting: RHB Nick Cummings
|
0-0: Ball Cameron Rattenbury steals 2nd base (no throw) 1-0: Swinging Strike 1-1: Called Strike 1-2: Ball 2-2: Strikes out swinging
|
|
Batting: LHB Gabe Harvey
|
0-0: Called Strike 0-1: Ball 1-1: Swinging Strike 1-2: Ball 2-2: Foul Ball, location: 2F 2-2: Foul Ball, location: 2F 2-2: Fly out, F8 (Flyball, 8LM, EV 92.5 MPH)
|
| Top of the 8th over - 0 runs, 0 hits, 0 errors, 1 left on base; Biloxi 6 - Mobile 0 |
| BOTTOM OF THE 8TH |
|
Mobile BayBears batting - Pitching for Biloxi Shuckers : RHP Eddie Becerra
|
|
Batting: RHB Curt Barrett
|
0-0: Called Strike 0-1: Foul Ball, location: 2F 0-2: Ball 1-2: Fly out, F8 (Flyball, 8RD, EV 84.4 MPH)
|
|
Batting: RHB Yasuo Nakata
|
0-0: Ball 1-0: Called Strike 1-1: Swinging Strike 1-2: Strikes out swinging
|
|
Batting: LHB T.J. Duvall
|
0-0: Fly out, F7 (Flyball, 7D, EV 98.1 MPH)
|
| Bottom of the 8th over - 0 runs, 0 hits, 0 errors, 0 left on base; Biloxi 6 - Mobile 0 |
| TOP OF THE 9TH |
|
Biloxi Shuckers batting - Pitching for Mobile BayBears : RHP Mike Stover
|
|
Batting: RHB Josh Nelson
|
0-0: Ball 1-0: Ball 2-0: Foul Ball, location: 2F 2-1: Swinging Strike 2-2: Strikes out swinging
|
|
Batting: SHB Mitchell Greene
|
0-0: Ball 1-0: Ball 2-0: Called Strike 2-1: Ball 3-1: SINGLE (Groundball, 4D, EV 98.1 MPH)
|
|
Pitching: RHP Rich Garces
|
|
|
Batting: RHB Steve Byerly
|
0-0: Called Strike Mitchell Greene is caught stealing 2nd base 2-4 0-1: Foul Ball, location: 2F 0-2: Ball 1-2: Foul Ball, location: 2F 1-2: Foul Ball, location: 2F 1-2: Ball 2-2: SINGLE (Line Drive, 8RS, EV 101.2 MPH)
|
|
Batting: RHB Skyler Goss
|
0-0: Fielders Choice at 2nd, 6-4 (Groundball, 56, EV 85.0 MPH)
|
| Top of the 9th over - 0 runs, 2 hits, 0 errors, 1 left on base; Biloxi 6 - Mobile 0 |
| BOTTOM OF THE 9TH |
|
Mobile BayBears batting - Pitching for Biloxi Shuckers : RHP Eddie Becerra
|
|
Batting: RHB Edgar Garcia
|
0-0: Ball 1-0: Ball 2-0: Ball 3-0: Base on Balls
|
|
Batting: RHB Marlon Reda
|
0-0: Fly out, F7 (Line Drive, 78S, EV 93.1 MPH)
|
|
Batting: RHB Chris Bittner
|
0-0: Foul Ball, location: 2F 0-1: Swinging Strike 0-2: Foul Ball, location: 2F 0-2: Strikes out swinging
|
|
Batting: LHB Willie Gutierrez
|
0-0: Called Strike 0-1: Swinging Strike 0-2: Strikes out swinging
|
| Bottom of the 9th over - 0 runs, 0 hits, 0 errors, 1 left on base; Biloxi 6 - Mobile 0 |
|